cohdb
Replays
Latest Replays
All Replays
Popular Replays
Top Player Replays
Match Explorer
How It Works
Community
CoH3 Stats
Reddit
Sign in to upload your games and track your stats! →
Sign in with Steam
Jagers and Marder vs Ez8
Match 38802951
Overview
Messages
Build Orders
End
Scout Squad
Construct Barracks
Riflemen Squad
Selects Armored Battlegroup
Selects Veteran Crews
Riflemen Squad
Grenade Package
Construct Medical Station
Riflemen Squad
Infantry Support Center
Selects Fast Deploy
M1 Mortar Team
Construct Motor Pool
M8 Greyhound Armored Car
Engineer Squad
M1 Anti-tank Gun Team
M1 Anti-tank Gun Team
Construct Tank Depot
Selects Seek and Destroy
Selects UNKNOWN (2160077)
Selects Field Repairs
Selects War Machine
M4A3E8 Sherman Easy Eight
Engineer Squad
Riflemen Squad
M4A3E8 Sherman Easy Eight
Riflemen Squad
Reakly
JZuna
0
0
Comments
sign in to comment!
No comments posted yet!